 Dungeon Crawl Stone Soup version 0.21.1-1-g345015f (webtiles) character file.

403 Hebeh the Chopper (level 6, -5/58 HPs)
             Began as a Deep Dwarf Fighter on June 17, 2018.
             Slain by Sigmund
             ... wielding a +0 scythe
              (10 damage)
             ... on level 3 of the Dungeon.
             The game lasted 00:09:16 (2345 turns).

Hebeh the Chopper (Deep Dwarf Fighter)              Turns: 2345, Time: 00:09:16

Health: -5/58      AC:  6    Str: 21    XL:     6   Next: 55%
Magic:  1/1        EV:  7    Int:  9    God:
Gold:   95         SH:  9    Dex: 12    Spells: 5/5 levels left

rFire    . . .     SeeInvis .   a - +0 war axe
rCold    . . .     Gourm    .   c - +0 shield
rNeg     . . .     Faith    .   b - +0 scale mail
rPois    .         Spirit   .   (no helmet)
rElec    .         Reflect  .   (no cloak)
rCorr    .         Harm     .   (no gloves)
MR       .....                  (no boots)
Stlth    ..........             (no amulet)
HPRegen  0.00/turn              (no ring)
MPRegen  0.07/turn              (no ring)

@: non-regenerating
A: damage resistance, heal wounds, sense surroundings 1, no regeneration
a: Heal Wounds


You were on level 3 of the Dungeon.
You were hungry.

You visited 1 branch of the dungeon, and saw 4 of its levels.

You collected 95 gold pieces.

Inventory:

Hand Weapons
 a - a +0 war axe (weapon)
Armour
 b - a +0 scale mail (worn)
 c - a +0 shield (worn)
Wands
 g - a wand of random effects (24)
Scrolls
 e - 2 scrolls of enchant weapon {unknown}
 h - 3 scrolls of blinking {unknown}
 m - 3 scrolls of identify {unknown}
 n - a scroll of immolation {unknown}
 o - a scroll of magic mapping {unknown}
 p - 2 scrolls of remove curse {unknown}
 q - 2 scrolls of teleportation {unknown}
Potions
 d - 2 potions of might
 i - 3 potions of degeneration {unknown}
 j - 2 potions of heal wounds {unknown}
 k - 2 potions of brilliance {unknown}
 l - a potion of mutation {unknown}
 r - a potion of ambrosia {unknown}
 u - a potion of agility {unknown}
Books
 t - a book of Cantrips

   Spells                             Type                      Level
   a - Confusing Touch                Hexes                        1
   b - Animate Skeleton               Necromancy                   1
   c - Summon Small Mammal            Summoning                    1
   d - Apportation                    Translocation                1
Comestibles
 f - 7 rations


   Skills:
 + Level 4.5 Fighting
 * Level 6.4 Axes
 - Level 3.2 Armour
 - Level 3.2 Shields


You had 5 spell levels left.
You didn't know any spells.

Dungeon Overview and Level Annotations

Branches:
Dungeon (4/15)
 Temple: D:4-7

Altars:
Cheibriados
Gozag
Hepliaklqana
Kikubaaqudgha
Wu Jian

Annotations:
D:3 Sigmund


Innate Abilities, Weirdness & Mutations

You are resistant to damage.
You can heal yourself by infusing magical energy.
You passively map a small area around you.
You do not regenerate.


Message History

The puff of flame hits you!
You completely miss something. Something hits you!
You closely miss something. You block something's attack.
You slash something! Something hits you!
* * * LOW HITPOINT WARNING * * *
You are feeling hungry.
You closely miss something. You barely miss something. Something hits you.
* * * LOW HITPOINT WARNING * * *
You miss something. You block something's attack.
You miss something.
You hear some strange, mumbled words.
A puff of flame appears from out of thin air!
The puff of flame hits you!
* * * LOW HITPOINT WARNING * * *
You hit something. Something hits you but does no damage.
You miss something. Something hits you.
* * * LOW HITPOINT WARNING * * *
You closely miss something. Something hits you!
You die...

#.##.# #.# #.#
#.##.# #.# #.# **
#.##.# #.# #.#
#.##)# #.# #.#
#.##.# #.# #.#
#.##.# ##.###.##
#.##.######.#.##..#
#..........###....##
####.######.#.##@{.#
* * #.# ##<###.#.#
#.# #.# #.#.# *
####.#######.# #.#.#
, #............#
#.#.# **
..##.######### #.#.#
* ........## ####@#
* ###.##...### #.
#.############ ,
#..#.....#..
#8##............###


There were no monsters in sight!

Vanquished Creatures
  The ghost of Ethylacetat the Slasher, an amateur DsMo (D:3)
  2 jellies (D:2)
  A worker ant (D:2)
  An orc wizard (D:3)
  6 adders
  9 oozes
  2 leopard geckos (D:2)
  4 orcs (D:3)
  4 bats
  3 giant cockroaches
  6 goblins
  12 hobgoblins
  2 quokkas
  4 frilled lizards
  11 kobolds
  6 rats
74 creatures vanquished.

Vanquished Creatures (others)
  2 fungi (D:2)
  9 toadstools (D:2)
11 creatures vanquished.

Grand Total: 85 creatures vanquished

Notes
Turn   | Place    | Note
-------+----------+-------------------------------------------
     0 | D:1      | Hebeh the Deep Dwarf Fighter began the quest for the Orb.
     0 | D:1      | Reached XP level 1. HP: 20/20 MP: 1/1
   203 | D:1      | Reached XP level 2. HP: 27/27 MP: 2/2
   409 | D:1      | Reached skill level 3 in Axes
   740 | D:2      | Reached XP level 3. HP: 12/34 MP: 3/3
   778 | D:2      | Reached skill level 4 in Axes
   798 | D:2      | Reached XP level 4. HP: 34/42 MP: 3/3
   825 | D:2      | Found an ancient bone altar of Kikubaaqudgha.
  1217 | D:2      | Reached XP level 5. HP: 42/50 MP: 3/3
  1222 | D:2      | Reached skill level 5 in Axes
  1583 | D:2      | Found an opulent altar of Gozag.
  1871 | D:3      | Reached XP level 6. HP: 22/57 MP: 1/1
  1878 | D:3      | Noticed Ethylacetat's ghost (amateur DsMo)
  1936 | D:3      | Killed Ethylacetat's ghost
  1936 | D:3      | Reached skill level 6 in Axes
  1953 | D:3      | Found a faded altar of an unknown god.
  1963 | D:3      | Noticed Sigmund
  2261 | D:3      | Found an ornate altar of the Wu Jian Council.
  2264 | D:3      | Found a hazy altar of Hepliaklqana.
  2267 | D:3      | Found a snail-covered altar of Cheibriados.
  2345 | D:3      | Slain by Sigmund

Skill      XL: |  1  2  3  4  5  6 |
---------------+-------------------+-----
Axes           | 3 4 5 6 |  6.4
Fighting       | 3 4 |  4.5
Armour         | |  3.2
Shields        | |  3.2

Action                   |  1- 3 |  4- 6 || total
-------------------------+-------+-------++-------
Melee: War axe           |    76 |   264 ||   340
 Abil: Heal Wounds       |     1 |    12 ||    13
  Eat: Chunk             |       |     5 ||     5
Armor: Scale mail        |    33 |    99 ||   132
Dodge: Dodged            |    29 |    80 ||   109
Block: Shield            |    45 |   115 ||   160
